 Dungeon Crawl Stone Soup version 0.28-a0-1545-g945cd3f27e (webtiles) character file.

Game seed: 17220996052499184214

28 BritishOli the Chopper (level 3, 27/27 HPs)
             Began as a Demonspawn Gladiator on Jan 18, 2022.
             Got out of the dungeon alive.
             The game lasted 00:00:43 (1217 turns).

BritishOli the Chopper (Demonspawn Gladiator)       Turns: 1217, Time: 00:00:44

Health: 27/27      AC:  4    Str: 16    XL:     3   Next: 0%
Magic:  3/3        EV: 12    Int:  9    God:
Gold:   6          SH:  4    Dex: 14    Spells: 2/2 levels left

rFire   . . .      SeeInvis .   a - +0 war axe
rCold   . . .      Faith    .   (no shield)
rNeg    . . .      Spirit   .   b - +0 leather armour
rPois   .          Reflect  .   c - +0 helmet
rElec   .          Harm     .   (no cloak)
rCorr   .          Rampage  .   (no gloves)
Will    .....                   (no boots)
Stlth   +.........              (no amulet)
HPRegen 0.09/turn               (no ring)
MPRegen 0.08/turn               (no ring)

@: no status effects
A: large bone plates 1, demonic magic 1
a: no special abilities


You escaped.
You visited 1 branch of the dungeon, and saw 1 of its levels.

You collected 6 gold pieces.

Inventory:

Hand Weapons
 a - a +0 war axe (weapon)
Missiles
 d - 3 throwing nets (quivered)
Armour
 b - a +0 leather armour (worn)
 c - a +0 helmet (worn)
Scrolls
 e - a scroll of torment {unknown}
 f - a scroll of silence {unknown}
Potions
 g - a potion of resistance {unknown}


   Skills:
 + Level 2.3 Fighting
 + Level 2.9 Axes
 * Level 2.2 Throwing
 + Level 0.6 Armour
 + Level 2.9 Dodging


You had 2 spell levels left.
You didn't know any spells.
Your spell library was empty.

Dungeon Overview and Level Annotations

Branches:
Dungeon (1/15)

Altars:


Innate Abilities, Weirdness & Mutations

You are partially covered in large bone plates. (SH +4)
Spells you cast may paralyse adjacent enemies.


Message History

No target in view!
A giant cockroach comes into view.
A giant cockroach is nearby!
A giant cockroach is nearby!
A giant cockroach is nearby!
A giant cockroach is nearby!
You hit the giant cockroach.
You kill the giant cockroach!
No target in view!
You see here a giant cockroach corpse.
You enter the shallow water.
Moving in this stuff is going to be slow.
Found a stone staircase leading down.
No target in view!
A goblin comes into view. It is wielding a +0 club.
The goblin shouts!
A giant cockroach comes into view.
The goblin completely misses you.
You barely miss the goblin. The goblin hits you but does no damage.
You slash the goblin!
You kill the goblin!
The giant cockroach closely misses you.
Things that are here:
a +0 club; a goblin corpse You slash the giant cockroach!
You kill the giant cockroach!
You have reached level 3!
Your experience leads to an increase in your attributes!
Increase (S)trength, (I)ntelligence, or (D)exterity?
You feel stronger. x2; Your demonic ancestry asserts itself...
A menacing aura infuses your magic.
(D) Dungeon
Where to? (? - help)
Okay, then.
There is a stone staircase leading down here.
You see here a +0 hand axe.
There is a dry fountain here.
There is a staircase leading out of the dungeon here.
Are you sure you want to leave the Dungeon?
This will make you lose the game!
You have escaped!

#####..................)...###
.##...##.####.####.####.##...##
.#..###...##...##...##...###..#
.#.## #.⌠.##.⌠.##.⌠.##.⌠.# ##.#
.#.####...##...##...##.†.####.#
.#...###.####.####.####.###...#
.#.⌠.###.####.####.####.###.⌠.#
.#............................#
.##.##..........@.........##.##
.#............................#
##.⌠.###.####.####.####.###.⌠.#
##.).###.####.####.####.###...#
##.####.).##...##...##...####.#
##.## #.⌠.##.⌠.##.⌠.##.⌠.# ##.#
##..###...##...##...##...###..#
###...##.####.####.####.#....##
# ###......................###


There were no monsters in sight!

Vanquished Creatures
  A dart slug (D:1)
  A ball python (D:1)
  An endoplasm (D:1)
  2 giant cockroaches (D:1)
  3 goblins (D:1)
  3 hobgoblins (D:1)
  6 kobolds (D:1)
  2 quokkas (D:1)
  3 frilled lizards (D:1)
22 creatures vanquished.

Notes
Turn   | Place    | Note
-------+----------+-------------------------------------------
     0 | D:1      | BritishOli the Demonspawn Gladiator began the quest for the
                  | Orb.
     0 | D:1      | Reached XP level 1. HP: 16/16 MP: 1/1
   443 | D:1      | Gained mutation: You are partially covered in large bone
                  | plates. (SH +4) [demonic ancestry]
   443 | D:1      | Reached XP level 2. HP: 18/22 MP: 2/2
   652 | D:1      | Found a faded altar of an unknown god.
  1086 | D:1      | Gained mutation: Spells you cast may paralyse adjacent
                  | enemies. [demonic ancestry]
  1086 | D:1      | Reached XP level 3. HP: 27/27 MP: 3/3
  1217 | D:$      | Got out of the dungeon alive.

Illustrated notes

Levels and vault maps discovered:
D:1:      dpeg_arrival_chambers_temple_mockup, layout_loops_ring,
          chequers_ecumenical_altar_lobes, chequers_hall_statues_wall_a,
          chequers_serial_rivers_large_b

Skill      XL: |  1 |
---------------+----+-----
Throwing       | 2 |  2.2
Fighting       | |  2.3
Axes           | |  2.9
Armour         | |  0.6
Dodging        | |  2.9

Action                   || total
-------------------------++-------
Melee: War axe           ||    70
       Punch             ||     1
Armor: Leather armour    ||    18
Dodge: Dodged            ||    38
Block: Other             ||     4

Table legend: (Time is in decaauts)
 A = Elapsed time spent in this place.
 B = Non-inter-level travel time spent in this place.
 C = Inter-level travel time spent in this place.
 D = Time resting spent in this place.
 E = Time spent auto-exploring this place.
 F = Levels seen in this place.
 G = Mean time per level.
                   A        B        C        D        E       F      G
               +--------+--------+--------+--------+--------+-----+--------+
         Total |   1269 |   1139 |    130 |      0 |    960 |   1 | 1269.0 |
       Dungeon |   1269 |   1139 |    130 |      0 |    960 |   1 | 1269.0 |
               +--------+--------+--------+--------+--------+-----+--------+

Top non-repeatable levels by time:
     D:1: 1269 daAuts
